 Dungeon Crawl Stone Soup version 0.24.0-125-gc4c63601f3 (webtiles) character file.

Game seed: 11856357953127528758, levelgen mode: deterministic

273 grindst0ne the Cutter (level 6, -3/40 HPs)
             Began as a Kobold Berserker on Feb 25, 2020.
             Was a Priest of Trog.
             Slain by Menkaure (12 damage)
             ... on level 4 of the Dungeon.
             The game lasted 00:06:15 (3206 turns).

grindst0ne the Cutter (Kobold Berserker)            Turns: 3206, Time: 00:06:16

Health: -3/40      AC:  9    Str: 16    XL:     6   Next: 48%
Magic:  6/6        EV: 16    Int: 12    God:    Trog [***...]
Gold:   135        SH:  0    Dex: 14    Spells: 5/5 levels left

rFire    + . .     SeeInvis .   a - +1 short sword
rCold    . . .     Gourm    .   (shield restricted)
rNeg     . . .     Faith    .   x - +0 leather armour (curse)
rPois    .         Spirit   .   h - +1 helmet {Int+3}
rElec    .         Reflect  .   e - +1 cloak
rCorr    +         Harm     .   n - +0 pair of gloves
MR       .....                  s - +0 pair of boots
Stlth    +.........             (no amulet)
HPRegen  0.13/turn              k - ring of resist corrosion
MPRegen  0.10/turn              l - ring of protection from fire

@: berserk cooldown, slowed, very slow
A: small, carnivore
a: Berserk, Trog's Hand, Renounce Religion


You were on level 4 of the Dungeon.
You worshipped Trog.
Trog was most pleased with you.
You were very full.

You visited 1 branch of the dungeon, and saw 4 of its levels.

You collected 135 gold pieces.

Inventory:

Hand Weapons
 a - a +1 short sword (weapon)
 q - a +1 dagger of distortion
Armour
 e - a +1 cloak (worn)
 h - a +1 helmet of intelligence (worn)
 n - a +0 pair of gloves (worn)
 p - a scarf of spirit shield
 s - a +0 pair of boots (worn)
 u - a cursed +0 scale mail
 x - a cursed +0 leather armour (worn)
Jewellery
 k - a ring of resist corrosion (left hand)
 l - a ring of protection from fire (right hand)
Wands
 v - a wand of polymorph (10)
Scrolls
 d - 2 scrolls of enchant armour
 g - a scroll of teleportation
 j - a scroll of blinking
 r - a scroll of identify
Potions
 i - a potion of invisibility
 o - a potion of agility {unknown}
 t - a potion of heal wounds {unknown}
 w - a potion of cancellation {unknown}
Comestibles
 c - 7 rations
 f - 8 chunks of flesh


   Skills:
 + Level 5.1 Fighting
 + Level 6.0 Short Blades
 - Level 1.5 Armour
 + Level 4.7 Dodging


You had 5 spell levels left.
You didn't know any spells.
Your spell library was empty.

Dungeon Overview and Level Annotations

Branches:
Dungeon (4/15)
 Temple: D:4-7

Altars:
Kikubaaqudgha
Nemelex Xobeh
Trog
The Shining One

Annotations:
D:4 Menkaure


Innate Abilities, Weirdness & Mutations

You are small and have problems with some larger weapons.
You are carnivorous and can eat meat at any time.


Message History

Menkaure hits you!
You hit Menkaure but do no damage.
Menkaure gestures wildly while chanting.
Menkaure seems to speed up.
You hit Menkaure.
Menkaure is lightly damaged.
Menkaure misses you. Menkaure barely misses you.
You barely miss Menkaure.
Menkaure is lightly damaged.
Menkaure hits you!
* * * LOW HITPOINT WARNING * * *
Menkaure grins.
Menkaure closely misses you. Menkaure casts a spell at you.
Pain shoots through your body!
* * * LOW HITPOINT WARNING * * *
Things that are here:
a +0 giant club; 4 chunks of flesh; an ogre skeleton You feel better.
Menkaure misses you. Menkaure hits you!
You die...

###..#.# #M.#
#..#.# #..##
#..#.# #...#
#...# ##..#
#.####..########
................
#.#####..######.
#...M@†<#
##..#####
#......#
##.###.# ..>
..## ...# ....
....#


You could see Menkaure.

Vanquished Creatures
  An ogre (D:4)
  Crazy Yiuf (D:2)
  2 worker ants
  7 adders
  2 oozes (D:3)
  An adder skeleton (D:3)
  A worm (D:2)
  A dart slug (D:1)
  A ball python (D:1)
  11 bats
  5 giant cockroaches
  8 goblins
  11 hobgoblins
  3 jackals (D:4)
  10 kobolds
  A quokka (D:3)
  5 frilled lizards
  6 rats
77 creatures vanquished.

Notes
Turn   | Place    | Note
-------+----------+-------------------------------------------
     0 | D:1      | grindst0ne the Kobold Berserker began the quest for the
                  | Orb.
     0 | D:1      | Reached XP level 1. HP: 14/14 MP: 1/1
   126 | D:1      | Reached XP level 2. HP: 16/19 MP: 2/2
   617 | D:1      | Reached XP level 3. HP: 23/24 MP: 3/3
  1569 | D:2      | Reached XP level 4. HP: 28/29 MP: 4/4
  1581 | D:2      | Reached ** piety under Trog
  1720 | D:2      | Found an ancient bone altar of Kikubaaqudgha.
  1816 | D:2      | Reached skill level 5 in Short Blades
  2107 | D:2      | Found a glowing golden altar of the Shining One.
  2107 | D:2      | Found a sparkling altar of Nemelex Xobeh.
  2108 | D:2      | Found a bloodstained altar of Trog.
  2218 | D:2      | Found a runed translucent door.
  2219 | D:2      | Noticed Crazy Yiuf
  2225 | D:2      | Killed Crazy Yiuf
  2225 | D:2      | Reached XP level 5. HP: 34/34 MP: 5/5
  2817 | D:3      | Reached *** piety under Trog
  2847 | D:3      | Reached XP level 6. HP: 36/39 MP: 6/6
  3162 | D:4      | Noticed an ogre
  3162 | D:4      | Noticed Menkaure
  3194 | D:4      | Reached skill level 5 in Fighting
  3196 | D:4      | Killed an ogre
  3196 | D:4      | Reached skill level 6 in Short Blades
  3205 | D:4      | HP: 1/40 [Menkaure/nerve-wracking pain (10)]
  3206 | D:4      | Slain by Menkaure

Levels and vault maps discovered:
D:1:      dpeg_arrival_water_temple_mockup, layout_basic, minmay_pentomino_w2
D:2:      layout_loops_cross, gammafunk_temple_overflow_claw,
          lemuel_coloured_pillars_altar, uniq_crazy_yiuf_cottage
D:3:      layout_basic
D:4:      layout_basic, evilmike_ruin_ashenzari, first_ration, uniq_pikel,
          uniq_ijyb, uniq_edmund, uniq_menkaure

Skill      XL: |  1  2  3  4  5  6 |
---------------+-------------------+-----
Dodging        | 3 4 |  4.7
Fighting       | 4 5 |  5.1
Short Blades   | 5 6 |  6.0
Armour         | |  1.5

Action                   |  1- 3 |  4- 6 || total
-------------------------+-------+-------++-------
Melee: Short sword       |   125 |   196 ||   321
Throw: Dart              |       |     1 ||     1
Invok: Berserk           |     2 |     3 ||     5
       Trog's Hand       |       |     2 ||     2
  Use: Scroll            |       |     8 ||     8
       Potion            |       |     1 ||     1
 Stab: Sleeping          |       |     1 ||     1
  Eat: Chunk             |    13 |     7 ||    20
Armor: Animal skin       |    25 |     1 ||    26
       Ring mail         |       |     8 ||     8
       Leather armour    |       |    39 ||    39
Dodge: Dodged            |   104 |   145 ||   249
